 Dungeon Crawl Stone Soup version 0.19-a0-594-g235f30c (webtiles) character file.

81 Delvonshi the Charmwright (level 4, -1/23 HPs)
             Began as a Vine Stalker Skald on June 10, 2016.
             Slain by an adder (3 damage)
             ... on level 3 of the Dungeon.
             The game lasted 00:05:18 (1903 turns).

Delvonshi the Charmwright (Vine Stalker Skald)      Turns: 1903, Time: 00:05:19

Health: -1/23      AC:  3    Str: 14    XL:     4   Next: 42%
Magic:  0/8        EV: 11    Int: 12    God:
Gold:   137        SH:  0    Dex: 15    Spells: 2 memorised, 4 levels left

rFire  . . .     SeeInvis .     a - +0 short sword
rCold  . . .     Gourm    .     b - +0 leather armour
rNeg   . . .     Faith    .     (no shield)
rPois  .         Spirit   +     (no helmet)
rElec  .         Dismiss  .     (no cloak)
rCorr  .         Reflect  .     (no gloves)
SustAt .         Harm     .     (no boots)
MR     .....                    (no amulet)
Stlth  +.........               (no ring)
                                (no ring)

@: infused (expiring), very slightly contaminated, drained, not resistant to
hostile enchantments, very unstealthy
A: fangs 2, regeneration 1, magic shield, antimagic bite, no device heal 3, rot
immunity
a: no special abilities


You were on level 3 of the Dungeon.
You were not hungry.

You visited 1 branch of the dungeon, and saw 3 of its levels.

You collected 137 gold pieces.

Inventory:

Hand Weapons
 a - a +0 short sword (weapon)
Armour
 b - a +0 leather armour (worn)
Scrolls
 e - a scroll of amnesia {unknown}
 h - a scroll of identify {unknown}
 i - 5 scrolls of remove curse {unknown}
 j - a scroll of immolation {unknown}
 p - 2 scrolls of teleportation {unknown}
Potions
 f - 2 potions of degeneration {unknown}
 g - a potion of brilliance {unknown}
 k - a potion of haste {unknown}
 l - a potion of cure mutation {unknown}
 m - a potion of lignification {unknown}
 n - a potion of magic {unknown}
 o - a potion of agility {unknown}
Books
 c - a book of Battle

   Spells                             Type                      Level
   a - Infusion                       Charms                       1
   b - Shroud of Golubria             Charms/Translocation         2
   c - Song of Slaying                Charms                       2
   d - Spectral Weapon                Hexes/Charms                 3
   e - Regeneration                   Charms/Necromancy            3
Comestibles
 d - a bread ration
 q - 3 chunks of flesh


   Skills:
 + Level 2.4(1.4) Fighting
 + Level 2.5(1.5) Short Blades
 - Level 0.7(0.0) Armour
 + Level 1.7(0.7) Dodging
 - Level 2.1(1.2) Spellcasting
 + Level 3.6(2.6) Charms


You had 4 spell levels left.
You knew the following spells:

 Your Spells              Type           Power        Failure   Level  Hunger
a - Infusion              Chrm           #...         17%         1    ##.....
b - Shroud of Golubria    Chrm/Tloc      #.........   34%         2    ###....


Dungeon Overview and Level Annotations

Branches:
Dungeon (3/15)

Altars:


Innate Abilities, Weirdness & Mutations

You have extremely sharp teeth.
Your natural rate of healing is unusually fast.
When hurt, damage is shared between your health and your magic reserves.
Your bite disrupts and absorbs the magic of your enemies.
Potions and wands cannot restore your health.
You are immune to rotting.


Message History

The adder bites you. The hobgoblin closely misses you. The adder bites you.
You hit the adder.
The adder is severely wounded.
The hobgoblin hits you. The adder bites you.
You miss the adder. Your bite misses the adder.
The adder is severely wounded.
The adder bites you. The hobgoblin hits you.
* * * LOW HITPOINT WARNING * * *
You miss the adder. Your bite misses the adder.
The adder is severely wounded.
You feel sick.
You are no longer poisoned.
The adder bites you.
* * * LOW HITPOINT WARNING * * *
The hobgoblin hits you but does no damage.
The adder barely misses you.
You closely miss the adder.
The adder is severely wounded.
The hobgoblin closely misses you. The adder bites you.
You die...

$#.. ####...
#.....#
##.....#
#..>...#
......###
#.g......
#@# #S# ...
.....
.......
........#
..........
#.........##


You could see an adder and a hobgoblin.

Vanquished Creatures
  2 adders (D:2)
  2 dart slugs (D:2)
  3 giant geckos
  2 ball pythons
  5 bats
  2 giant cockroaches (D:2)
  4 goblins
  8 hobgoblins
  8 jackals (D:1)
  A quokka (D:2)
  2 giant newts
  5 kobolds
  6 rats
50 creatures vanquished.

Notes
Turn   | Place    | Note
--------------------------------------------------------------
     0 | D:1      | Delvonshi the Vine Stalker Skald began the quest for the Orb.
     0 | D:1      | Reached XP level 1. HP: 11/11 MP: 4/4
   135 | D:1      | Reached XP level 2. HP: 13/15 MP: 6/6
   149 | D:1      | Reached skill level 1 in Dodging
   587 | D:1      | Reached XP level 3. HP: 18/18 MP: 3/7
   905 | D:1      | Learned a level 2 spell: Shroud of Golubria
  1416 | D:2      | Reached XP level 4. HP: 20/23 MP: 6/8
  1903 | D:3      | Slain by an adder

Vault maps used:
D:1:      minmay_arrival_plants_in_alcoves, minmay_misc_feat_tiny
D:3:      old_standard_altar, makhleb_blood_cavern_becter,
          gammafunk_pakellas_spire_experiment

Skill      XL: |  1  2 |
---------------+-------+-----
Short Blades   | 2 |  2.5
Dodging        | 1 |  1.7
Fighting       | 2 |  2.4
Armour         | |  0.7
Spellcasting   | |  2.1
Charms         | |  3.6

Action                   |  1- 3 |  4- 6 || total
-------------------------+-------+-------++-------
Melee: Short sword       |   108 |    55 ||   163
       Bite              |    34 |     6 ||    40
 Cast: Infusion          |    14 |     2 ||    16
       Shroud of Golubri |     1 |     2 ||     3
  Eat: Chunk             |     2 |     2 ||     4
Armor: Leather armour    |    30 |    20 ||    50
Dodge: Dodged            |    65 |    31 ||    96
